AoeStats
← TM Caesar

Runestones

508088842Analyzed
1v1 RM · 12d ago on Sep 20, 2026· 31m 52s· 2 players
Game mode
Random Map
Map size
Tiny (2 player)
Population
200
Speed
Normal
Resources
Standard
Victory
Conquest
Starting age
Dark Age
Ending age
Imperial Age
RankedLock teamsTeams togetherTeam positionsShared explorationLock speedFull tech treeHidden civsTurbo modeCheats
Victory
Defeat
🇦🇷 Khmer · Argentina
1627
+16
🇨🇱 Wu · Chile
1623
-16
AiM | Maggick
6:36 Loom
9:07 Feudal Age
9:23 Man-at-Arms
10:05 Double-Bit Axe
10:35 Arson
17:57 Wheelbarrow
18:04 Fletching
18:14 Padded Archer Armor
21:29 Castle Age
19:52 Gold Mining
20:34 Scale Barding Armor
21:26 Bloodlines
21:28 Forging
23:04 Pikeman
26:34 Husbandry
28:23 Bow Saw
30:14 Scale Mail Armor
30:20 Squires
31:20 Chain Mail Armor
TM Caesar
7:39 Loom
9:27 Feudal Age
12:30 Double-Bit Axe
17:05 Castle Age
16:39 Bloodlines
20:08 Scale Barding Armor
31:33 Town Watch
Connection lost

Rejoining the realm…

Still unreachable

The connection could not be restored.

Session expired

The server has moved on; the page needs a fresh start.